 Dungeon Crawl Stone Soup version 0.21.0-3-g78d12a8bdd (webtiles) character file.

639 PapaMobile the Sneak (level 7, -2/56 HPs)
             Began as a Formicid Enchanter on Jan 10, 2018.
             Was an Initiate of Ashenzari.
             Killed from afar by an orc wizard (8 damage)
             ... with a magic dart
             ... on level 8 of the Dungeon.
             The game lasted 00:42:41 (7928 turns).

PapaMobile the Sneak (Formicid Enchanter)           Turns: 7928, Time: 00:42:41

Health: -2/56      AC:  5    Str: 15    XL:     7   Next: 80%
Magic:  10/10      EV: 13    Int: 14    God:    Ashenzari [......]
Gold:   302        SH:  0    Dex: 11    Spells: 4/10 levels left

rFire    . . .     SeeInvis +   a - +1 falchion (elec)
rCold    . . .     Gourm    +   (no shield)
rNeg     . . .     Faith    .   j - +0 robe
rPois    .         Spirit   .   (helmet unavailable)
rElec    .         Reflect  .   (no cloak)
rCorr    .         Harm     .   r - +1 pair of gloves
MR       .....                  i - +0 pair of boots
Stlth    +++++.....             g - amulet of the gourmand
HPRegen  0.18/turn              l - ring of stealth
MPRegen  0.12/turn              u - ring of stealth

@: no status effects
A: permanent stasis, dig shafts and tunnels, four strong arms, antennae 3
a: Dig, Shaft Self, Curse Item, Renounce Religion


You were on level 8 of the Dungeon.
You worshipped Ashenzari.
Ashenzari was noncommittal.
You were full.

You visited 2 branches of the dungeon, and saw 9 of its levels.

You collected 302 gold pieces.

Inventory:

Hand Weapons
 a - a +1 falchion of electrocution (weapon)
 b - a +0 dagger of draining
 c - a +1 whip of holy wrath
 d - a +2 falchion of slicing
Armour
 i - a +0 pair of boots (worn)
 j - a +0 robe (worn)
 r - a +1 pair of gloves (worn)
 B - a +0 ring mail
 G - a +0 buckler
Jewellery
 g - an amulet of the gourmand (around neck)
 l - a ring of stealth (left hand)
 u - a ring of stealth (right hand)
 w - an uncursed ring of positive energy
 D - an uncursed ring of magical power
Wands
 f - a wand of enslavement (14)
 o - a wand of iceblast (5)
Scrolls
 h - 2 scrolls of fog
 p - a scroll of fear
 t - 3 scrolls of amnesia {unknown}
 x - 2 scrolls of remove curse
 z - 6 scrolls of identify
 E - a scroll of immolation {unknown}
Potions
 e - 3 potions of degeneration {unknown}
 k - 2 potions of agility {unknown}
 m - 3 potions of curing {unknown}
 q - 2 potions of might {unknown}
 s - 2 potions of lignification {unknown}
 v - a potion of mutation {unknown}
 A - a potion of cancellation {unknown}
 F - a potion of magic {unknown}
Books
 n - a book of Maledictions

   Spells                             Type                      Level
   a - Corona                         Hexes                        1
   b - Ensorcelled Hibernation        Hexes/Ice                    2
   c - Confuse                        Hexes                        3
   d - Tukima's Dance                 Hexes                        3
   e - Dazzling Spray                 Conjuration/Hexes            3
 y - a book of Debilitation

   Spells                             Type                      Level
   a - Corona                         Hexes                        1
   b - Slow                           Hexes                        2
   c - Inner Flame                    Hexes/Fire                   3
   d - Portal Projectile              Hexes/Translocation          3
   e - Cause Fear                     Hexes                        4
   f - Leda's Liquefaction            Hexes/Earth                  4
Comestibles
 C - 11 rations


   Skills:
 - Level 5.0 Fighting
 - Level 1.0(2.0) Short Blades
 * Level 2.6(2.7) Long Blades
 - Level 3.0 Armour
 - Level 3.0 Dodging
 - Level 5.0 Stealth
 - Level 2.1 Spellcasting
 * Level 4.7 Hexes


You had 4 spell levels left.
You knew the following spells:

 Your Spells              Type           Power        Failure   Level  Hunger
a - Corona                Hex            ##.....      3%          1    #......
b - Confuse               Hex            ##......     10%         3    ###....
c - Slow                  Hex            ##......     4%          2    ###....


Dungeon Overview and Level Annotations

Branches:
Dungeon (8/15)             Temple (1/1) D:5
   Lair: D:8-11

Altars:
Ashenzari
Cheibriados
Dithmenos
Elyvilon
Fedhas
Hepliaklqana
Makhleb
Nemelex Xobeh
Okawaru
Qazlal
Ru
Trog
Vehumet
Wu Jian
Xom
Yredelemnul
The Shining One

Annotations:
D:4 exclusions: orc and worker ant, Blork the orc, Menkaure
D:5 exclusions: jelly and sky beast
D:7 exclusions: adder, crimson imp, hound, 2 orcs, scorpion and skeleton
D:8 marsu's ghost, novice MiBe


Innate Abilities, Weirdness & Mutations

You cannot be hasted, slowed, berserked, paralysed or teleported.
You can dig through walls and to a lower floor.
Your four strong arms can wield two-handed weapons with a shield.
You have a pair of large antennae on your head. (SInv)


Message History

The orc wizard gestures at you while chanting.
The magic dart hits you!
You closely miss the orc wizard. The orc wizard hits you with a dagger.
You hit the orc wizard but do no damage.
The orc wizard misses you.
You closely miss the orc wizard.
The orc wizard hits you but does no damage.
You hit the orc wizard.
The orc wizard is lightly wounded.
The orc wizard hits you with a dagger. x2
You barely miss the orc wizard.
The orc wizard is lightly wounded.
The orc wizard points at you and mumbles some strange words.
You easily resist.
You closely miss the orc wizard.
The orc wizard is lightly wounded.
The orc wizard gestures at you while chanting.
The magic dart hits you!
You die...

#
#########.#
{
#.........#
#.##.#.####
{#ยง###.##
##.###.# {
##.#.## {
#.##.###o#
#.#.###@##
#.##.####
#.###.#
#.##.##
#.#{##
#.##.##
#<###.#
#{{#.##
#{#o##


You could see an orc wizard.

Vanquished Creatures
  3 slaves (D:4)
  A bullfrog (D:6)
  A howler monkey (D:6)
  2 bullfrog zombies (D:6)
  An orc priest (D:8)
  5 orc wizards
  4 worker ants
  A worker ant zombie (D:5)
  10 adders
  An ooze (D:5)
  2 adder skeletons
  3 dart slugs
  4 leopard geckos
  6 orcs
  4 giant cockroaches
  10 hobgoblins
  13 jackals
  3 quokkas
  2 ball pythons
  7 bats
  8 frilled lizards
  7 goblins
  10 kobolds
  A quokka skeleton (D:4)
  9 rats
118 creatures vanquished.

Notes
Turn   | Place    | Note
-------+----------+-------------------------------------------
     0 | D:1      | PapaMobile the Formicid Enchanter began the quest for the Orb.
     0 | D:1      | Reached XP level 1. HP: 13/13 MP: 3/3
    48 | D:1      | Reached skill level 1 in Fighting
   282 | D:1      | Reached XP level 2. HP: 11/21 MP: 1/5
   681 | D:1      | Reached XP level 3. HP: 21/28 MP: 4/6
   686 | D:1      | Learned a level 3 spell: Confuse
  1506 | D:2      | Found a basalt altar of Yredelemnul.
  1576 | D:2      | Reached XP level 4. HP: 20/35 MP: 7/7
  1926 | D:2      | Reached skill level 1 in Armour
  2100 | D:3      | Found a sacrificial altar of Ru.
  2411 | D:3      | Reached XP level 5. HP: 41/41 MP: 8/8
  3284 | D:4      | Noticed Menkaure
  3355 | D:4      | Noticed Blork the orc
  3384 | D:4      | HP: 1/41 [Blork the orc/trident (8)]
  3390 | D:5      | Entered Level 5 of the Dungeon
  3467 | D:5      | Noticed a water moccasin
  3573 | D:5      | Reached XP level 6. HP: 12/47 MP: 9/9
  3979 | D:5      | Found a burning altar of Makhleb.
  4013 | D:5      | Found a staircase to the Ecumenical Temple.
  4137 | D:6      | Noticed an ogre
  4335 | D:6      | Found a sparkling altar of Nemelex Xobeh.
  4399 | D:6      | Reached skill level 5 in Stealth
  4458 | D:6      | Learned a level 2 spell: Slow
  4485 | Temple   | Entered the Ecumenical Temple
  4540 | Temple   | Became a worshipper of Ashenzari the Shackled
  4681 | D:6      | Found a bloodstained altar of Trog.
  4801 | D:6      | Reached skill level 1 in Long Blades
  4801 | D:6      | Reached XP level 7. HP: 54/54 MP: 5/10
  6357 | D:4      | Found a hazy altar of Hepliaklqana.
  7720 | D:8      | Noticed marsu's ghost (novice MiBe)
  7855 | D:8      | Reached skill level 5 in Fighting
  7928 | D:8      | Killed from afar by an orc wizard

Skill      XL: |  1  2  3  4  5  6  7 |
---------------+----------------------+-----
Fighting       | 1 2 3 4 5 |  5.0
Dodging        | 2 3 |  3.0
Armour         | 2 3 |  3.0
Stealth        | 4 5 |  5.0
Hexes          | 4 |  4.7
Long Blades    | 1 2 |  2.6
Short Blades   | |  1.0
Spellcasting   | |  2.1

Action                   |  1- 3 |  4- 6 |  7- 9 || total
-------------------------+-------+-------+-------++-------
Melee: Dagger            |   135 |   133 |    19 ||   287
       Falchion          |       |    33 |   112 ||   145
 Cast: Corona            |    18 |    23 |    10 ||    51
       Confuse           |       |     5 |    21 ||    26
 Abil: Dig               |     1 |     9 |    19 ||    29
  Use: Scroll            |       |     6 |     1 ||     7
 Stab: Sleeping          |    13 |    19 |     3 ||    35
       Confused          |       |     1 |     7 ||     8
  Eat: Chunk             |    14 |    12 |    11 ||    37
       Ration            |       |       |     1 ||     1
Armor: Robe              |    36 |    39 |    25 ||   100
Dodge: Dodged            |    79 |   108 |    62 ||   249
       Rpst.: Falchion   |       |    13 |    12 ||    25
